 Dungeon Crawl Stone Soup version 0.31.0-11-ge490571c62 (webtiles) character file.

Game seed: 2458911033989662881

126 qw the Ducker (level 4, -1/22 HPs)
             Began as a Spriggan Hunter on Feb 5, 2024.
             Slain by a +3 spectral club (7 damage)
             ... created by Jessica
             ... on level 3 of the Dungeon.
             The game lasted 00:00:49 (1756 turns).

qw the Ducker (Spriggan Hunter)                     Turns: 1756, Time: 00:00:49

Health: -1/22      AC:  2    Str:  7    XL:     4   Next: 84%
Magic:  5/5        EV: 25    Int: 10    God:
Gold:   197        SH:  0    Dex: 20    Spells: 3/3 levels left

rFire   . . .        a - +0 shortbow
rCold   . . .        (shield currently unavailable)
rNeg    . . .        c - +0 robe
rPois   .            (helmet restricted)
rElec   .            (no cloak)
rCorr   .            (gloves unavailable)
SInv    +            (boots unavailable)
Will    .....        (no amulet)
Stlth   ++           e - +5 ring of evasion
HPRegen 0.23/turn    (no ring)
MPRegen 0.09/turn

%: no passive effects
@: very quick
A: very small, no large weapons, unfitting armour, see invisible, speed 3
a: no special abilities


You were on level 3 of the Dungeon.
You visited 1 branch of the dungeon, and saw 3 of its levels.

You collected 197 gold pieces.


Innate Abilities, Weirdness & Mutations

You are very small and have problems with some larger weapons.
You are too small for most types of armour.
You have supernaturally acute eyesight. (SInv)
You cover ground extremely quickly. (Speed+++)


   Skills:
 + Level 1.5 Fighting
 - Level 5.0 Ranged Weapons
 - Level 5.5 Dodging
 - Level 1.5 Stealth


You had 3 spell levels left.
You didn't know any spells.
Your spell library was empty.

Inventory:

Hand Weapons
 a - a +0 shortbow (weapon)
Armour
 c - a +0 robe (worn)
Jewellery
 e - a +5 ring of evasion (left hand)
 j - a ring of fire
Scrolls
 b - 2 scrolls of revelation {unknown}
 h - a scroll of identify
 k - 2 scrolls of acquirement {unknown}
Potions
 d - a potion of haste
 f - a potion of lignification {unknown}
 g - a potion of might {unknown}
 i - a potion of berserk rage {unknown}
 l - a potion of curing

Dungeon Overview and Level Annotations

Branches:
Dungeon (3/15)

Altars:
Elyvilon
Trog

Annotations:
D:3 exclusion: 3 quokkas, Jessica


Message History

The bombardier beetle completely misses you.
You shoot an arrow. The arrow hits the bombardier beetle.
The bombardier beetle is moderately wounded.
The bombardier beetle barely misses you.
You shoot an arrow. The arrow hits the bombardier beetle.
The bombardier beetle is severely wounded.
You shoot an arrow. The arrow hits the bombardier beetle.
The bombardier beetle is almost dead.
The bombardier beetle completely misses you.
You shoot an arrow. The arrow hits the bombardier beetle!
You kill the bombardier beetle!
Your Dodging skill increases to level 5!
You see here a +0 club.
Jessica the Apprentice Sorceress comes into view.
She is wielding a +3 spectral club.
Found an amulet of magic regeneration.
Enter note:
Enter note:
Enter note:
Enter note:
Enter note: You shoot an arrow.
The arrow hits Jessica but does no damage.
You shoot an arrow. The arrow hits Jessica.
Jessica is moderately wounded.
Jessica hits you with a +3 spectral club.
The +3 spectral club hits you!
A +3 spectral club comes into view.
You shoot an arrow. The arrow hits Jessica.
Jessica is heavily wounded.
Jessica misses you. The +3 spectral club hits you.
You shoot an arrow.
The arrow hits Jessica but does no damage.
Jessica is heavily wounded.
Jessica mumbles something strange.
Jessica casts a spell at you.
You struggle to resist.
You shoot an arrow. The arrow barely misses Jessica.
The +3 spectral club disappears.
Jessica completely misses you. The +3 spectral club hits you!
You die...

.....# .... .#
############..###.#
#..........#......#
#.########.#......# #.#
####.#...# .# #.#
#........# .# #.#
#.##.##..# .# ..#
#.#......##@### ..#
#.........@(..#
#.#####.................
#.#......####.###.#.####
#........ #.# .# #
..#...... #.# .# ..(..#
#.# .# .....# #. "#
.....## #. .# ......#


You could see a +3 spectral club (wandering) and Jessica.

Vanquished Creatures
  A bombardier beetle (D:3)
  2 adders
  4 dart slugs
  2 ribbon worms
  An orc (D:3)
  7 bats
  6 endoplasms
  2 giant cockroaches (D:3)
  2 hobgoblins
  2 quokkas (D:1)
  6 ball pythons
  4 frilled lizards
  9 goblins
  5 kobolds
  2 rats
55 creatures vanquished.

Notes
Turn   | Place    | Note
-------+----------+-------------------------------------------
     0 | D:1      | qw the Spriggan Hunter began the quest for the Orb.
     0 | D:1      | Reached XP level 1. HP: 10/10 MP: 2/2
     0 | D:1      | 0 ||| qw: Version: 0.3-a-160-g6735b56
     0 | D:1      | 0 ||| qw: Game counter: 6484
     0 | D:1      | 0 ||| qw: Melee chars always use a shield: true
     0 | D:1      | 0 ||| qw: God list: Okawaru
     0 | D:1      | 0 ||| qw: Allow faded altars: false
     0 | D:1      | 0 ||| qw: Do Orc after clearing Dungeon:15 true
     0 | D:1      | 0 ||| qw: Do second Lair branch before Depths: true
     0 | D:1      | 0 ||| qw: Lair rune preference: random
     0 | D:1      | 0 ||| qw: Goals: Normal
     0 | D:1      | 0 ||| PLANNING D:1-11
    21 | D:1      | Reached skill level 3 in Dodging
    93 | D:1      | Reached XP level 2. HP: 13/14 MP: 3/3
   556 | D:1      | Reached XP level 3. HP: 18/18 MP: 4/4
   611 | D:1      | 611 ||| READING scroll labelled TUPOIT ZOEHI.
   611 | D:1      | 611 ||| IDENTIFYING viscous grey potion
   612 | D:1      | 612 ||| DROPPING scroll of butterflies.
   691 | D:2      | 691 ||| FLEEEEING.
   693 | D:2      | 693 ||| FLEEEEING.
   695 | D:2      | 695 ||| FLEEEEING.
   698 | D:2      | 698 ||| FLEEEEING.
   750 | D:2      | Found a faded altar of an unknown god.
  1068 | D:2      | Found a bloodstained altar of Trog.
  1087 | D:2      | 1087 ||| DROPPING amulet of magic regeneration.
  1088 | D:2      | 1088 ||| DROPPING ring of flight.
  1089 | D:2      | 1089 ||| UPGRADING to +5 ring of evasion.
  1090 | D:2      | 1090 ||| READING scroll labelled QAOTROMA TUSU.
  1091 | D:2      | 1091 ||| DRINKING 2 fuming blue potions.
  1254 | D:3      | Reached XP level 4. HP: 22/22 MP: 5/5
  1342 | D:3      | Found a white marble altar of Elyvilon.
  1751 | D:3      | Noticed Jessica
  1754 | D:3      | HP: 5/22 [+3 spectral club[Jessica] (6)]
  1756 | D:3      | Slain by a +3 spectral club

Levels and vault maps discovered:
D:1:      ncdulo_wetmaze, layout_loops_cross, dreamdust_princess_corridor
D:2:      layout_rooms, basic_altar, shapermc_ecumenical_altar_acropolis,
          corner_web_ring
D:3:      layout_basic, nicolae_elyvilon_temple_path,
          minmay_goblin_kobold_house, uniq_jessica, uniq_crazy_yiuf_cottage

Skill      XL: |  1  2  3  4 |
---------------+-------------+-----
Dodging        | 3 4 5 |  5.5
Ranged Weapons | 5 |  5.0
Fighting       | |  1.5
Stealth        | |  1.5

Action                     |  1- 3 |  4- 6 || total
---------------------------+-------+-------++-------
   Fire: Shortbow          |   127 |    47 ||   174
    Use: Scroll            |     2 |       ||     2
         Potion            |     1 |       ||     1
 Armour: Robe              |    15 |     4 ||    19
  Dodge: Dodged            |    21 |    14 ||    35

Table legend:
 A = Non-vault XP
 B = Vault XP
 C = Vault XP percentage of total XP
 D = Non-vault monster count
 E = Vault monster count
 F = Vault count percentage of total count
                 A         B        C        D         E       F
            +---------+---------+-------+---------+---------+-------
      Total |     179 |       2 |   1.1 |      54 |       1 |   1.8
            +---------+---------+-------+---------+---------+-------
        D:1 |      43 |       0 |   0.0 |      24 |       0 |   0.0
        D:2 |      47 |       0 |   0.0 |      18 |       0 |   0.0
        D:3 |      89 |       2 |   2.2 |      12 |       1 |   7.7
            +---------+---------+-------+---------+---------+-------
